NCAA
VILLANOVA WILDCATS @ VIRGINIA TECH HOKIES
05/23/2030
 
TOP OF THE 1ST
Villanova Wildcats batting - Pitching for Virginia Tech Hokies : RHP Jim McDonald
Pitching: RHP Jim McDonald
Batting: SHB Jimmy Bullock 0-0: Ball
1-0: Called Strike
1-1: Ball
2-1: Foul Ball, location: 2F
2-2: Foul Ball, location: 2F
2-2: Ball
3-2: Fly out, F8 (Flyball, 8RM)
Batting: RHB Michael Boulanger 0-0: Called Strike
0-1: Ball
1-1: Ball
2-1: Ball
3-1: Called Strike
3-2: Strikes out swinging
Batting: LHB Anthony Samples 0-0: Ball
1-0: SINGLE (Line Drive, 78S)
Batting: RHB Bud López 0-0: Called Strike
0-1: Swinging Strike
0-2: Foul Ball, location: 2F
0-2: Ball
1-2: Ball
2-2: Ball
3-2: Foul Ball, location: 2F
3-2: Strikes out swinging
Top of the 1st over - 0 runs, 1 hit, 0 errors, 1 left on base; Villanova 0 - Virginia Tech 0
BOTTOM OF THE 1ST
Virginia Tech Hokies batting - Pitching for Villanova Wildcats : LHP Ed Men
Pitching: LHP Ed Men
Batting: LHB David Ortega 0-0: Ball
1-0: Ball
2-0: Called Strike
2-1: Fly out, F7 (Flyball, 7LS)
Batting: RHB Octávio Ramérez 0-0: Fly out, F8 (Flyball, 8LS)
Batting: RHB Eric Clay 0-0: Called Strike
0-1: Called Strike
0-2: Foul Ball, location: 2F
0-2: Ball
1-2: Ground out 4-3 (Groundball, 4)
Bottom of the 1st over - 0 runs, 0 hits, 0 errors, 0 left on base; Villanova 0 - Virginia Tech 0
TOP OF THE 2ND
Villanova Wildcats batting - Pitching for Virginia Tech Hokies : RHP Jim McDonald
Batting: SHB Vincent McComisky 0-0: Called Strike
0-1: Ground out 6-3 (Groundball, 6)
Batting: RHB Clay Cowden 0-0: Called Strike
0-1: Ball
1-1: Ball
2-1: Called Strike
2-2: Ball
3-2: Foul Ball, location: 2F
3-2: Fly out, F9 (Flyball, 89D)
Batting: SHB John Gonzáles 0-0: Foul Ball, location: 2F
0-1: Ball
1-1: Foul Ball, location: 2F
1-2: Foul Ball, location: 2F
1-2: Ball
2-2: Ball
3-2: Base on Balls
Batting: SHB Neil Floyd 0-0: Called Strike
0-1: Called Strike
0-2: Ball
1-2: Ball
2-2: Strikes out swinging
Top of the 2nd over - 0 runs, 0 hits, 0 errors, 1 left on base; Villanova 0 - Virginia Tech 0
BOTTOM OF THE 2ND
Virginia Tech Hokies batting - Pitching for Villanova Wildcats : LHP Ed Men
Batting: RHB Dusty Green 0-0: Ball
1-0: Swinging Strike
1-1: Swinging Strike
1-2: Ball
2-2: Ball
3-2: Strikes out swinging
Batting: SHB Daniel Lee 0-0: DOUBLE (Line Drive, 78D)
Batting: LHB Ben Webb 0-0: Called Strike
0-1: DOUBLE (Line Drive, 5D)
Daniel Lee scores
Batting: RHB Jake Holmes 0-0: Called Strike
0-1: Ball
1-1: Foul Ball, location: 2F
1-2: Ball
2-2: Ball
3-2: Foul Ball, location: 2F
3-2: Base on Balls
Batting: SHB Junior Campbell 0-0: Swinging Strike
0-1: Fly out, F8 (Flyball, 78D)
Batting: RHB Rick Bascombe 0-0: Fly out, F7 (Flyball, 7S)
Bottom of the 2nd over - 1 run, 2 hits, 0 errors, 2 left on base; Villanova 0 - Virginia Tech 1
TOP OF THE 3RD
Villanova Wildcats batting - Pitching for Virginia Tech Hokies : RHP Jim McDonald
Batting: LHB Steve Jones 0-0: Called Strike
0-1: Reached via error on a dropped throw, E3
Batting: SHB Jimmy Bullock 0-0: Called Strike
0-1: Called Strike
0-2: Ball
1-2: Fly out, F7 (Flyball, 78D)
Batting: RHB Michael Boulanger 0-0: Called Strike
0-1: Ball
1-1: Grounds into double play, 6-4-3 (Groundball, 6)
Top of the 3rd over - 0 runs, 0 hits, 1 error, 0 left on base; Villanova 0 - Virginia Tech 1
BOTTOM OF THE 3RD
Virginia Tech Hokies batting - Pitching for Villanova Wildcats : LHP Ed Men
Batting: LHB David Ortega 0-0: Ball
1-0: Foul Ball, location: 2F
1-1: Foul Ball, location: 2F
1-2: Foul Ball, location: 2F
1-2: Ball
2-2: Ball
3-2: Strikes out swinging
Batting: RHB Octávio Ramérez 0-0: Ball
1-0: Foul Ball, location: 2F
1-1: SOLO HOME RUN (Flyball, 9LD), Distance : 332 ft
Batting: RHB Eric Clay 0-0: Called Strike
0-1: Ground out 4-3 (Groundball, 4)
Batting: RHB Dusty Green 0-0: Ball
1-0: DOUBLE (Line Drive, 89D)
Batting: SHB Daniel Lee 0-0: Called Strike
0-1: Swinging Strike
0-2: Strikes out swinging
Bottom of the 3rd over - 1 run, 2 hits, 0 errors, 1 left on base; Villanova 0 - Virginia Tech 2
TOP OF THE 4TH
Villanova Wildcats batting - Pitching for Virginia Tech Hokies : RHP Jim McDonald
Batting: LHB Anthony Samples 0-0: Ball
1-0: Swinging Strike
1-1: Foul Ball, location: 2F
1-2: Ball
2-2: Foul Ball, location: 2F
2-2: Ball
3-2: Foul Ball, location: 2F
3-2: SINGLE (Groundball, 4MD)
Batting: RHB Bud López 0-0: Called Strike
0-1: Ball
1-1: Ball
2-1: Fly out, F6 (Line Drive, 6)
Batting: SHB Vincent McComisky 0-0: Ball
1-0: Ball
2-0: Called Strike
2-1: Ball
3-1: Foul Ball, location: 2F
3-2: Fly out, F7 (Flyball, 7LDF)
Batting: RHB Clay Cowden 0-0: Called Strike
0-1: DOUBLE (Line Drive, 8LXD)
Anthony Samples to third
Runner from 3rd tries for Home, SAFE, no throw
Batting: SHB John Gonzáles 0-0: Called Strike
0-1: 2-RUN HOME RUN (Flyball, 9D), Distance : 349 ft
Batting: SHB Neil Floyd 0-0: Called Strike
0-1: Called Strike
0-2: Ball
1-2: Strikes out looking
Top of the 4th over - 3 runs, 3 hits, 0 errors, 0 left on base; Villanova 3 - Virginia Tech 2
BOTTOM OF THE 4TH
Virginia Tech Hokies batting - Pitching for Villanova Wildcats : LHP Ed Men
Batting: LHB Ben Webb 0-0: Foul Ball, location: 2F
0-1: Ball
1-1: Ground out 4-3 (Groundball, 4)
Batting: RHB Jake Holmes 0-0: Ball
1-0: Called Strike
1-1: Swinging Strike
1-2: Ball
2-2: Ball
3-2: Fly out, F4 (Popup, 4)
Batting: SHB Junior Campbell 0-0: Foul Ball, location: 2F
0-1: Foul Ball, location: 2F
0-2: Strikes out swinging
Bottom of the 4th over - 0 runs, 0 hits, 0 errors, 0 left on base; Villanova 3 - Virginia Tech 2
TOP OF THE 5TH
Villanova Wildcats batting - Pitching for Virginia Tech Hokies : RHP Jim McDonald
Batting: LHB Steve Jones 0-0: Foul Ball, location: 2F
0-1: Ball
1-1: Foul Ball, location: 2F
1-2: Ball
2-2: Ground out 4-3 (Groundball, 4M)
Pitching: RHP Rob Wright
Batting: SHB Jimmy Bullock 0-0: Called Strike
0-1: Ball
1-1: Fly out, F2 (Popup, 2R)
Batting: RHB Michael Boulanger 0-0: Ball
1-0: Swinging Strike
1-1: Called Strike
1-2: Foul Ball, location: 2F
1-2: Ball
2-2: SINGLE (Groundball, 6MD)
Batting: LHB Anthony Samples 0-0: Ball
1-0: Fly out, F8 (Line Drive, 78M)
Top of the 5th over - 0 runs, 1 hit, 0 errors, 1 left on base; Villanova 3 - Virginia Tech 2
BOTTOM OF THE 5TH
Virginia Tech Hokies batting - Pitching for Villanova Wildcats : LHP Ed Men
Batting: RHB Rick Bascombe 0-0: Ball
1-0: Called Strike
1-1: Swinging Strike
1-2: SINGLE (Flyball, 8LS)
Batting: LHB David Ortega 0-0: Called Strike
0-1: Ball
1-1: Ball
2-1: Called Strike
2-2: Ball
3-2: Strikes out looking
Pitching: RHP Eugene Combs
Batting: RHB Octávio Ramérez 0-0: Called Strike
0-1: Ball
1-1: Ball
2-1: Ball
3-1: Base on Balls
Rick Bascombe to second
Batting: RHB Eric Clay 0-0: Grounds into double play, 4-6-3 (Groundball, 4)
Bottom of the 5th over - 0 runs, 1 hit, 0 errors, 1 left on base; Villanova 3 - Virginia Tech 2
TOP OF THE 6TH
Villanova Wildcats batting - Pitching for Virginia Tech Hokies : RHP Rob Wright
Batting: RHB Bud López 0-0: Called Strike
0-1: Ball
1-1: Foul Ball, location: 2F
1-2: Ball
2-2: Foul Ball, location: 2F
2-2: Ball
3-2: SINGLE (Line Drive, 78S)
Batting: SHB Vincent McComisky 0-0: Called Strike
0-1: Ball
1-1: Foul Ball, location: 2F
1-2: Hit by Pitch
Bud López to second
Batting: RHB Clay Cowden 0-0: Ball
1-0: Foul Ball, location: 2F
1-1: Ball
2-1: SINGLE (Groundball, 6MD)
Bud López to third
Vincent McComisky to second
Runner from 3rd tries for Home, SAFE, no throw
Batting: SHB John Gonzáles 0-0: Called Strike
0-1: Called Strike
0-2: Foul Ball, location: 2F
0-2: Ball
1-2: Strikes out swinging
Batting: SHB Neil Floyd 0-0: Called Strike
0-1: Ball
1-1: Foul Ball, location: 2F
1-2: Strikes out swinging
Batting: LHB Steve Jones 0-0: Fly out, F8 (Line Drive, 8LD)
Top of the 6th over - 1 run, 2 hits, 0 errors, 2 left on base; Villanova 4 - Virginia Tech 2
BOTTOM OF THE 6TH
Virginia Tech Hokies batting - Pitching for Villanova Wildcats : RHP Eugene Combs
Batting: RHB Dusty Green 0-0: Swinging Strike
0-1: Called Strike
0-2: Strikes out looking
Batting: SHB Daniel Lee 0-0: Called Strike
0-1: Ball
1-1: Swinging Strike
1-2: Strikes out looking
Batting: LHB Ben Webb 0-0: Swinging Strike
0-1: Foul Ball, location: 2F
0-2: Ball
1-2: Ball
2-2: Ball
3-2: Strikes out swinging
Bottom of the 6th over - 0 runs, 0 hits, 0 errors, 0 left on base; Villanova 4 - Virginia Tech 2
TOP OF THE 7TH
Villanova Wildcats batting - Pitching for Virginia Tech Hokies : RHP Rob Wright
Batting: SHB Jimmy Bullock 0-0: Called Strike
0-1: Called Strike
0-2: Strikes out swinging
Batting: RHB Michael Boulanger 0-0: Foul Ball, location: 2F
0-1: Ball
1-1: Called Strike
1-2: Ball
2-2: Foul Ball, location: 2F
2-2: Foul Ball, location: 2F
2-2: Ball
3-2: Foul Ball, location: 2F
3-2: Foul Ball, location: 2F
3-2: Ground out U3 (Groundball, 3)
Batting: LHB Anthony Samples 0-0: Ball
1-0: Foul Ball, location: 2F
1-1: Ball
2-1: Swinging Strike
2-2: Strikes out swinging
Top of the 7th over - 0 runs, 0 hits, 0 errors, 0 left on base; Villanova 4 - Virginia Tech 2
BOTTOM OF THE 7TH
Virginia Tech Hokies batting - Pitching for Villanova Wildcats : RHP Eugene Combs
Batting: RHB Jake Holmes 0-0: Ground out 6-3 (Groundball, 56)
Pitching: LHP Anthony Lewis
Batting: SHB Junior Campbell 0-0: Ball
1-0: Ball
2-0: Swinging Strike
2-1: Ball
3-1: Called Strike
3-2: Base on Balls
Batting: RHB Rick Bascombe 0-0: Foul Ball, location: 2F
0-1: Ball
1-1: Ball
2-1: Ball
3-1: Base on Balls
Junior Campbell to second
Batting: LHB David Ortega 0-0: Called Strike
0-1: Called Strike
0-2: DOUBLE (Flyball, 8RD)
Junior Campbell scores
Rick Bascombe to third
Batting: RHB Octávio Ramérez 0-0: Called Strike
0-1: Foul Ball, location: 2F
0-2: Strikes out swinging
Batting: RHB Eric Clay 0-0: Called Strike
0-1: Ball
1-1: Foul Ball, location: 2F
1-2: Ball
2-2: Strikes out swinging
Bottom of the 7th over - 1 run, 1 hit, 0 errors, 2 left on base; Villanova 4 - Virginia Tech 3
TOP OF THE 8TH
Villanova Wildcats batting - Pitching for Virginia Tech Hokies : RHP Rob Wright
Batting: RHB Bud López 0-0: Swinging Strike
0-1: Ball
1-1: Ball
2-1: Foul Ball, location: 2F
2-2: Ball
3-2: Ground out 6-3 (Groundball, 6)
Batting: SHB Vincent McComisky 0-0: Ball
1-0: Swinging Strike
1-1: SOLO HOME RUN (Flyball, 9LD), Distance : 318 ft
Batting: RHB Clay Cowden 0-0: Swinging Strike
0-1: Swinging Strike
0-2: Ball
1-2: Ball
2-2: Ball
3-2: Foul Ball, location: 2F
3-2: Foul Ball, location: 2F
3-2: SOLO HOME RUN (Flyball, 7LD), Distance : 332 ft
Pitching: RHP Ed Velásquez
Batting: SHB John Gonzáles 0-0: Ball
1-0: Called Strike
1-1: Fly out, F2 (Popup, 25F)
Batting: SHB Neil Floyd 0-0: Ball
1-0: Ball
2-0: Ball
3-0: Foul Ball, location: 2F
3-1: Base on Balls
Batting: LHB Steve Jones 0-0: Ball
1-0: Ball
2-0: Called Strike
2-1: Foul Ball, location: 2F
2-2: Ball
3-2: Ground out 1-3 (Groundball, 13S)
Top of the 8th over - 2 runs, 2 hits, 0 errors, 1 left on base; Villanova 6 - Virginia Tech 3
BOTTOM OF THE 8TH
Virginia Tech Hokies batting - Pitching for Villanova Wildcats : LHP Anthony Lewis
Batting: RHB Dusty Green 0-0: Foul Ball, location: 2F
0-1: Foul Ball, location: 2F
0-2: Ball
1-2: Strikes out swinging
Batting: SHB Daniel Lee 0-0: Ball
1-0: Ball
2-0: Ball
3-0: Base on Balls
Batting: LHB Ben Webb 0-0: Foul Ball, location: 2F
0-1: Swinging Strike
0-2: Ball
1-2: Foul Ball, location: 2F
1-2: SINGLE (Groundball, 6D)
Daniel Lee to second
Batting: RHB Jake Holmes 0-0: Ball
1-0: Fly out, F6 (Flyball, 56D)
Batting: SHB Junior Campbell 0-0: Ball
1-0: Ball
2-0: Called Strike
2-1: Ball
3-1: Base on Balls
Daniel Lee to third
Ben Webb to second
Pitching: RHP Bill Pearson
Pinch Hitting: RHB Ted Stout 0-0: SINGLE (Flyball, 8LS)
Daniel Lee scores
Ben Webb to third
Junior Campbell to second
Runner from 3rd tries for Home, SAFE, no throw
Batting: LHB David Ortega 0-0: Called Strike
0-1: Ball
1-1: Ball
2-1: Ball
3-1: SINGLE (Groundball, 34D)
Junior Campbell to third
Ted Stout to second
Runner from 3rd tries for Home, SAFE, no throw
Batting: RHB Octávio Ramérez 0-0: Foul Ball, location: 2F
0-1: Ball
1-1: Foul Ball, location: 2F
1-2: Ground out 4-3 (Groundball, 4M)
Bottom of the 8th over - 3 runs, 3 hits, 0 errors, 2 left on base; Villanova 6 - Virginia Tech 6
TOP OF THE 9TH
Villanova Wildcats batting - Pitching for Virginia Tech Hokies : RHP Ed Velásquez
Pitching: LHP Dave Lee
Now at 3B: Tim Wise
Batting: SHB Jimmy Bullock 0-0: Ball
1-0: Called Strike
1-1: Ball
2-1: Foul Ball, location: 2F
2-2: Ball
3-2: SINGLE (Groundball, 15S) (infield hit)
Batting: RHB Michael Boulanger 0-0: Ball
1-0: Sac Bunt - play at first, batter OUT! 1-4
Jimmy Bullock to second
Batting: LHB Anthony Samples 0-0: Called Strike
Jimmy Bullock steals 3rd base
0-1: Foul Ball, location: 2F
0-2: Ball
1-2: Strikes out swinging
Batting: RHB Bud López 0-0: Called Strike
0-1: Fly out, F7 (Flyball, 78M)
Top of the 9th over - 0 runs, 1 hit, 0 errors, 1 left on base; Villanova 6 - Virginia Tech 6
BOTTOM OF THE 9TH
Virginia Tech Hokies batting - Pitching for Villanova Wildcats : RHP Bill Pearson
Batting: RHB Eric Clay 0-0: Called Strike
0-1: Foul Ball, location: 2F
0-2: Foul Ball, location: 2F
0-2: Strikes out swinging, 2-3 out at first.
Batting: RHB Dusty Green 0-0: Ball
1-0: Called Strike
1-1: SINGLE (Groundball, 4D)
Batting: SHB Daniel Lee 0-0: Ball
1-0: 2-RUN HOME RUN (Flyball, 7D), Distance : 346 ft
Saturday, April 7th, 2018 - OOTP Baseball 18.8 Build 76